 Dungeon Crawl Stone Soup version 0.30-a0-359-gd0147acb1a (webtiles) character file.

Game seed: 15597864294941909425

3542 gruber the Skirmisher (level 10, -1/56 HPs)
             Began as an Octopode Conjurer on Nov 11, 2022.
             Slain by a yak (17 damage)
             ... on level 7 of the Dungeon.
             The game lasted 00:15:19 (11026 turns).

gruber the Skirmisher (Octopode Conjurer)          Turns: 11026, Time: 00:15:20

Health: -1/56      AC:  1    Str:  6    XL:     10   Next: 9%
Magic:  2/13       EV: 16    Int: 26    God:
Gold:   407        SH:  0    Dex: 16    Spells: 2/13 levels left

rFire   . . .      SeeInvis .      - Unarmed
rCold   . . .      Faith    .    (no shield)
rNeg    . . .      Spirit   .    (helmet restricted)
rPois   .          Reflect  .    (no amulet)
rElec   .          Harm     .    C - +6 ring of dexterity
rCorr   .          Rampage  .    (no ring)
Will    .....                    (no ring)
Stlth   +++.......               (no ring)
HPRegen 0.29/turn                (no ring)
MPRegen 0.13/turn                (no ring)
                                 (no ring)
                                 (no ring)

@: studying Ranged Weapons
A: almost no armour, amphibious, 8 rings, camouflage 1, gelatinous body 1,
(nimble swimmer 1), tentacles
a: no special abilities


You were on level 7 of the Dungeon.
You visited 1 branch of the dungeon, and saw 8 of its levels.
You also visited: Sewer.

You collected 407 gold pieces.

Inventory:

Hand Weapons
 f - a +2 mace of holy wrath
 x - a +1 antimagic sling
Armour
 g - a +0 buckler
Jewellery
 C - a +6 ring of dexterity (left tentacle)
Wands
 m - a wand of digging (5)
 A - a wand of paralysis (9)
Scrolls
 a - a scroll of enchant weapon {unknown}
 b - 7 scrolls of identify
 c - 2 scrolls of noise {unknown}
 d - 5 scrolls of enchant armour {unknown}
 e - 4 scrolls of immolation {unknown}
 h - 7 scrolls of teleportation
 k - 2 scrolls of vulnerability {unknown}
 l - a scroll of poison {unknown}
 o - 2 scrolls of fear {unknown}
 s - a scroll of magic mapping {unknown}
 v - a scroll of torment {unknown}
 y - a scroll of blinking {unknown}
 B - a scroll of silence {unknown}
Potions
 i - a potion of resistance {unknown}
 j - 3 potions of curing {unknown}
 n - 2 potions of invisibility
 p - 2 potions of heal wounds
 q - a potion of degeneration {unknown}
 r - a potion of cancellation {unknown}
 t - a potion of lignification {unknown}
 u - a potion of brilliance {unknown}
 w - a potion of haste {unknown}
 z - 5 potions of flight


   Skills:
 - Level 11.0 Ranged Weapons
 * Level 6.8 Dodging
 - Level 2.6 Stealth
 - Level 3.0 Unarmed Combat
 - Level 2.0 Spellcasting
 - Level 10.1 Conjurations


You had 2 spell levels left.
You knew the following spells:

 Your Spells              Type           Power      Damage    Failure   Level
a - Magic Dart            Conj           100%       1d8       1%          1
b - Searing Ray           Conj           100%       2d8       1%          2
c - Fulminant Prism       Conj/Hex       14%        3d9       13%         4
d - Iskenderun's Mystic   Conj/Tloc      28%        2d7       13%         4

Your spell library contained the following spells:

 Spells                   Type           Power      Damage    Failure   Level
 Dazzling Flash           Conj/Hex       56%        N/A       4%          3
 Sticky Flame             Conj/Fire      28%        2d5       13%         4
 Ignite Poison            Fire/Tmut/Pois 2%         N/A       30%         3
 Ignition                 Fire           1%         3d3       100%        8


Dungeon Overview and Level Annotations

Branches:
Dungeon (8/15)             Temple (0/1) D:5           Sewer (visited)
   Lair: D:8-11

Altars:
Hepliaklqana
Nemelex Xobeh
Okawaru
Ru
Uskayaw
Wu Jian
Xom
Zin

Annotations:
D:2 1 runed translucent door, Crazy Yiuf


Innate Abilities, Weirdness & Mutations

You cannot wear most types of armour.
You are amphibious.
You can wear up to eight rings at the same time.
Your skin changes colour to match your surroundings (Stealth+).
Your rubbery body absorbs attacks. (AC +1, EV +1)
((You are camouflaged when in or above water. (Stealth+)))
You have tentacles for arms and can constrict up to eight enemies at once.


Message History

The yak is heavily wounded.
The yak barely misses you.
The searing ray hits the yak.
The yak is severely wounded.
The searing ray hits the yak.
The yak is heavily wounded.
You finish channelling your searing ray.
The yak misses you.
You tentacle-slap the yak but do no damage.
You squeeze the yak.
The yak is almost dead.
The yak gores you.
You tentacle-slap the yak but do no damage.
You tentacle-slap the yak. You squeeze the yak.
You kill the yak!
You tentacle-slap the yak.
The yak is severely wounded.
The yak barely misses you.
You tentacle-slap the yak but do no damage.
The yak is severely wounded.
The yak misses you.
You tentacle-slap the yak but do no damage.
The yak is severely wounded.
You tentacle-slap the yak.
The yak is severely wounded.
The yak gores you!
You completely miss the yak.
The yak is severely wounded.
The yak closely misses you.
You tentacle-slap the yak. You squeeze the yak.
The yak is almost dead.
The yak gores you!
* * * LOW HITPOINT WARNING * * *
You barely miss the yak. You squeeze the yak.
The yak is almost dead.
The yak misses you.
You tentacle-slap the yak but do no damage.
The yak is almost dead.
The yak gores you!
You die...

.#
##.....##..###..........#####
.##
##.###.......................
..#
#..##..#######.......<.......
#>###.###.###
#...............
#.†.........#
#...............
#####.#.###.#
#.....)......... #.......#
#.# #...............
..##..###
#.######......>........
.###.##
#....Y@.##########..... .#
#.# #######[#### #..... ##
#.# #.[..#######.....
###)#### ####........#####
#......# ##.......# #..)...##
#.......#
#.......############.......#
#..........................#
#......#############.......#


You could see a yak.

Vanquished Creatures
  Pikel (D:7)
  Sigmund (D:2)
  2 yaks (D:7)
  A steam dragon (D:7)
  2 orc warriors (D:7)
  2 black bears
  2 ice beasts
  4 lemures (D:7)
  A bullfrog (D:6)
  A gnoll sergeant (D:6)
  5 scorpions
  A necrophage (D:6)
  5 wights (D:6)
  A killer bee (D:7)
  A howler monkey (D:4)
  2 gnoll boudas
  5 hounds
  4 orc priests
  4 iguanas
  7 orc wizards
  A merfolk siren (Sewer)
  A merfolk avatar (Sewer)
  18 gnolls
  15 adders
  3 river rats
  An ufetubus (D:4)
  4 dart slugs
  A worm (D:2)
  20 orcs
  12 ball pythons
  8 endoplasms
  4 giant cockroaches
  9 goblins
  9 hobgoblins
  4 jackals (D:4)
  4 quokkas
  10 bats
  6 frilled lizards
  9 kobolds
  26 rats
217 creatures vanquished.

Vanquished Creatures (others)
  A rat (D:3)
  A fungus (D:6)
2 creatures vanquished.

Grand Total: 219 creatures vanquished

Notes
Turn   | Place    | Note
-------+----------+-------------------------------------------
     0 | D:1      | gruber the Octopode Conjurer began the quest for the Orb.
     0 | D:1      | Reached XP level 1. HP: 11/11 MP: 3/3
    55 | D:1      | Reached skill level 1 in Unarmed Combat
    55 | D:1      | Reached XP level 2. HP: 3/17 MP: 1/5
   281 | D:1      | Found a faded altar of an unknown god.
   360 | D:1      | Reached XP level 3. HP: 20/21 MP: 6/6
  1094 | D:2      | Noticed a phantom
  1187 | D:1      | Learned a level 2 spell: Searing Ray
  1308 | D:2      | Noticed a scorpion
  1316 | D:2      | Killed a scorpion
  1317 | D:2      | Reached skill level 5 in Conjurations
  1317 | D:2      | Reached XP level 4. HP: 13/27 MP: 0/7
  1317 | D:2      | Reached XP level 5. HP: 15/31 MP: 0/8
  1441 | D:2      | Noticed Sigmund
  1741 | D:2      | Killed Sigmund
  1742 | D:2      | Reached XP level 6. HP: 24/36 MP: 1/9
  2113 | D:2      | Found a runed translucent door.
  2114 | D:2      | Noticed Crazy Yiuf
  2164 | D:3      | Found a glowing silver altar of Zin.
  2320 | D:3      | Found an ornate altar of the Wu Jian Council.
  3200 | D:4      | Found a hazy altar of Hepliaklqana.
  3202 | D:4      | Found a hide-covered altar of Uskayaw.
  3206 | D:4      | Found an iron altar of Okawaru.
  3206 | D:4      | Found a sacrificial altar of Ru.
  3209 | D:4      | Found a sparkling altar of Nemelex Xobeh.
  3211 | D:4      | Found a shimmering altar of Xom.
  3308 | D:4      | Reached XP level 7. HP: 38/41 MP: 3/10
  3417 | D:4      | Learned a level 4 spell: Fulminant Prism
  4721 | D:5      | Entered Level 5 of the Dungeon
  4770 | D:5      | Reached skill level 1 in Ranged Weapons
  4867 | D:5      | Reached skill level 2 in Ranged Weapons
  4966 | D:5      | Reached skill level 3 in Ranged Weapons
  5281 | D:5      | Reached skill level 4 in Ranged Weapons
  5330 | D:5      | Found a staircase to the Ecumenical Temple.
  5429 | D:5      | Reached skill level 5 in Ranged Weapons
  5570 | D:5      | Reached XP level 8. HP: 46/46 MP: 5/11
  5855 | D:5      | Reached skill level 6 in Ranged Weapons
  6236 | D:6      | Reached skill level 7 in Ranged Weapons
  6389 | D:6      | Reached skill level 8 in Ranged Weapons
  6483 | D:6      | Reached skill level 9 in Ranged Weapons
  6623 | D:6      | Reached skill level 10 in Ranged Weapons
  6670 | D:6      | Found a glowing drain.
  6803 | Sewer    | Entered a sewer
  7468 | Sewer    | Reached skill level 11 in Ranged Weapons
  7468 | Sewer    | Reached XP level 9. HP: 51/51 MP: 3/12
  7792 | D:6      | Identified the +1 leather armour of the Growing Gods {Will-
                  | Str-4 Int+4 Dex+5}
  9729 | D:7      | Reached skill level 10 in Conjurations
 10147 | D:7      | Noticed Pikel
 10209 | D:7      | HP: 1/51 [lemure[Pikel] (8)]
 10548 | D:7      | Learned a level 4 spell: Iskenderun's Mystic Blast
 10576 | D:7      | Killed Pikel
 10577 | D:7      | Reached skill level 5 in Dodging
 10958 | D:7      | Reached XP level 10. HP: 44/56 MP: 6/13
 11026 | D:7      | Slain by a yak

Illustrated notes

Levels and vault maps discovered:
D:1:      matt_arrival_diagonals, layout_basic,
          chequers_ecumenical_altar_island, minmay_door_square
D:2:      layout_rooms, serial_park_tiny_1, kennysheep_path_1,
          minmay_crystal_water, uniq_sigmund, uniq_crazy_yiuf_cottage
D:3:      layout_rooms, amcnicky_altar_gilded, lemuel_doored_altar,
          chequers_arboretum, corexii_corridor_pit
D:4:      layout_loops_corners, minitemple, minmay_manual_moon
D:5:      layout_loops_ring, temple_hall, amcnicky_mini_corridor_feature,
          kennysheep_opposing_triangles
D:6:      nicolae_cairo_tiling, layout_loops_ring, portal_sewer_entry_b,
          dreamdust_gnoll_farm
D:7:      layout_rooms, uniq_pikel
D:8:      layout_cave_pools

Skill      XL: |  1  2  3  4  5  6  7  8  9 |
---------------+----------------------------+-----
Unarmed Combat | 1 2 3 |  3.0
Conjurations   | 5 6 7 8 10 | 10.1
Ranged Weapons | 5 11 | 11.0
Dodging        | 6 |  6.8
Stealth        | |  2.6
Spellcasting   | |  2.0

Action                   |  1- 3 |  4- 6 |  7- 9 | 10-12 || total
-------------------------+-------+-------+-------+-------++-------
Melee: Unarmed           |    65 |    32 |   114 |    10 ||   221
       Tentacles         |    13 |     9 |    36 |     4 ||    62
       Constrict         |    17 |     8 |    22 |       ||    47
       Punch             |     1 |     2 |     5 |     1 ||     9
 Fire: Sling             |       |       |    50 |       ||    50
 Cast: Magic Dart        |    33 |    27 |   192 |       ||   252
       Searing Ray       |     1 |     7 |    51 |     1 ||    60
       Iskenderun's Myst |       |       |       |     2 ||     2
Evoke: Wand              |       |       |     6 |       ||     6
  Use: Scroll            |     2 |       |       |       ||     2
       Potion            |       |       |     2 |       ||     2
 Stab: Sleeping          |     7 |     3 |     2 |       ||    12
       Paralysed         |       |       |    11 |       ||    11
Armor: Skin              |     6 |     2 |    13 |       ||    21
Dodge: Dodged            |    47 |    23 |   112 |    18 ||   200

Table legend: (Time is in decaauts)
 A = Elapsed time spent in this place.
 B = Non-inter-level travel time spent in this place.
 C = Inter-level travel time spent in this place.
 D = Time resting spent in this place.
 E = Time spent auto-exploring this place.
 F = Levels seen in this place.
 G = Mean time per level.
                   A        B        C        D        E       F      G
               +--------+--------+--------+--------+--------+-----+--------+
         Total |  11022 |  10430 |    592 |    841 |   7844 |   9 | 1224.7 |
       Dungeon |  10087 |   9495 |    592 |    841 |   7052 |   8 | 1260.9 |
         Sewer |    934 |    934 |      0 |      0 |    792 |   1 |  934.0 |
               +--------+--------+--------+--------+--------+-----+--------+

Top non-repeatable levels by time:
     D:6: 1913 daAuts
     D:7: 1841 daAuts
     D:5: 1595 daAuts
     D:4: 1519 daAuts
     D:2: 1123 daAuts
     D:1: 1095 daAuts
     D:3: 978 daAuts
   Sewer: 934 daAuts
     D:8: 19 daAuts
